 Dungeon Crawl Stone Soup version 0.31-a0-968-g24f9ace8b5 (webtiles) character file.

Game seed: 9154072094039556166

197 sobaka the Magician (level 5, -3/27 (28) HPs)
             Began as a Deep Elf Fire Elementalist on Oct 27, 2023.
             Slain by a gnoll
             ... wielding a +0 spear
              (5 damage)
             ... on level 3 of the Dungeon.
             The game lasted 00:14:29 (3403 turns).

sobaka the Magician (Deep Elf Fire Elementalist)    Turns: 3403, Time: 00:14:29

HP:   -3/27 (28)    AC:  4    Str:  5    XL:     5   Next: 46%
MP:   0/14          EV: 13    Int: 22    God:
Gold: 65            SH:  0    Dex: 15    Spells: 10/13 levels left

rFire   . . .        p - staff of death
rCold   . . .        (no shield)
rNeg    + . .        a - +0 robe
rPois   .            (no helmet)
rElec   +            f - +0 cloak
rCorr   .            (no gloves)
SInv    .            c - +0 pair of boots
Will    +....        l - amulet of Winter {Spirit +Inv rElec Will+}
Stlth   ++           (no ring)
HPRegen 0.24/turn    (no ring)
MPRegen 0.14/turn

%: guardian spirit
@: lightly drained
A: no striking features
a: Evoke Invisibility


You were on level 3 of the Dungeon.
You visited 1 branch of the dungeon, and saw 3 of its levels.

You collected 65 gold pieces.

Inventory:

Hand Weapons
 o - the +2 hammer of the Sky {drain, Str+4}
   (You found it on level 2 of the Dungeon)

   Str+4:     It affects your strength (+4).
Armour
 a - a +0 robe (worn)
 c - a +0 pair of boots (worn)
 f - a +0 cloak (worn)
Magical Staves
 p - a staff of death (weapon)
Jewellery
 l - the amulet of Winter (around neck) {Spirit +Inv rElec Will+}
   (You found it on level 2 of the Dungeon)

   [amulet of guardian spirit]

   Spirit:    It causes incoming damage to be divided between your reserves of
   health and magic.
   rElec:     It insulates you from electricity.
   Will+:     It increases your willpower.
   +Inv:      It lets you turn invisible.
 m - a +6 ring of strength
Wands
 n - a wand of polymorph (8)
Scrolls
 e - a scroll of revelation
Potions
 b - a potion of magic
 d - a potion of might {unknown}
 g - a potion of lignification {unknown}
 h - a potion of attraction {unknown}
 i - a potion of cancellation {unknown}
 j - 3 potions of curing
 k - a potion of degeneration {unknown}


   Skills:
 * Level 3.3 Dodging
 * Level 3.3 Stealth
 * Level 4.9 Spellcasting
 + Level 1.9 Conjurations
 * Level 4.8 Fire Magic


You had 10 spell levels left.
You knew the following spells:

 Your Spells              Type           Power      Damage    Failure   Level
a - Foxfire               Conj/Fire      80%        2x1d8     2%          1
b - Scorch                Fire           52%        2d7       1%          2

Your spell library contained the following spells:

 Spells                   Type           Power      Damage    Failure   Level
 Freeze                   Ice            20%        1d4       11%         1
 Inner Flame              Hex/Fire       16%        N/A       11%         3
 Volatile Blastmotes      Fire/Tloc      32%        2d12      11%         3
 Hailstorm                Conj/Ice       9%         3d4       21%         3
 Flame Wave               Conj/Fire      20%        2d7       26%         4
 Frozen Ramparts          Ice            10%        1d2       30%         3


Dungeon Overview and Level Annotations

Branches:
Dungeon (3/15)

Altars:
Xom


Message History

The crimson imp attacks as it pursues you!
The crimson imp hits you with a +0 dagger of chaos.
You partially resist.
You feel drained. The crimson imp barely misses you.
The crimson imp blinks! x2
Casting: Foxfire (safe; 2% risk of failure)
Confirm with . or Enter, or press ? or * to list all spells.
Flames lash the crimson imp.
The crimson imp completely resists.
Casting: Scorch (safe; 1% risk of failure)
Confirm with . or Enter, or press ? or * to list all spells.
Flames lash the orc.
The orc is almost dead.
The orc's fire resistance burns away.
The crimson imp blinks!
The orc hits you with a +0 hand axe.
Casting: Scorch (safe; 1% risk of failure)
Confirm with . or Enter, or press ? or * to list all spells.
Flames lash the orc.
The orc is burned terribly!
You kill the orc!
Casting: Scorch (safe; 1% risk of failure)
Confirm with . or Enter, or press ? or * to list all spells.
Flames lash the crimson imp.
The crimson imp completely resists.
You hear a shout! x2
Casting: Scorch (safe; 1% risk of failure)
Confirm with . or Enter, or press ? or * to list all spells.
Flames lash the crimson imp.
The crimson imp completely resists.
You hear a shout! x2
You hear a shout!
Casting: Scorch (safe; 1% risk of failure)
Confirm with . or Enter, or press ? or * to list all spells.
You don't have enough magic to cast this spell.
The crimson imp attacks as it pursues you!
The crimson imp hits you but does no damage. 4 gnolls come into view.
The gnoll shouts!
The crimson imp blinks!
The gnoll hits you from afar with a +0 spear!
The crimson imp blinks!
The gnoll hits you but does no damage.
The gnoll hits you from afar with a +0 halberd!
* * * LOW HITPOINT WARNING * * *
The gnoll hits you from afar with a +0 spear.
You die...

#..###
##.5.#
###5####
#5...# ####
####5# ...#
#.##+#...#
#...g....#
##5.g....#
#@g.g...##.
#..........
#.....#.#.
#...).# #
#####.#
#.....#
#.##### #)#
#)#


You could see 4 gnolls and 2 crimson imps.

Vanquished Creatures
  An orc priest (D:3)
  Crazy Yiuf (D:2)
  Natasha (thrice) (D:2)
  2 worms (D:2)
  A dart slug (D:1)
  3 orcs (D:3)
  5 bats
  5 endoplasms (D:1)
  3 giant cockroaches
  4 goblins (D:1)
  A hobgoblin (D:1)
  2 jackals (D:2)
  7 kobolds
  2 quokkas (D:1)
  7 ball pythons
  2 frilled lizards (D:2)
  8 rats
57 creatures vanquished.

Vanquished Creatures (collateral kills)
  4 foxfires (D:1)
4 creatures vanquished.

Vanquished Creatures (others)
  185 foxfires
185 creatures vanquished.

Grand Total: 246 creatures vanquished

Notes
Turn   | Place    | Note
-------+----------+-------------------------------------------
     0 | D:1      | sobaka the Deep Elf Fire Elementalist began the quest for
                  | the Orb.
     0 | D:1      | Reached XP level 1. HP: 10/10 MP: 6/6
   251 | D:1      | Reached XP level 2. HP: 15/15 MP: 5/8
   727 | D:1      | Reached XP level 3. HP: 19/19 MP: 1/9
  1133 | D:1      | Found a faded altar of an unknown god.
  1786 | D:2      | Found a runed translucent door.
  2063 | D:2      | Identified the amulet of Winter {Spirit +Inv rElec Will+}
  2173 | D:2      | Noticed Natasha
  2177 | D:2      | Killed Natasha
  2178 | D:2      | Reached XP level 4. HP: 24/24 MP: 7/12
  2183 | D:2      | Learned a level 2 spell: Scorch
  2500 | D:2      | Noticed Crazy Yiuf
  2505 | D:2      | Killed Crazy Yiuf
  2510 | D:2      | Identified the +2 hammer of the Sky {drain, Str+4}
  3077 | D:2      | Noticed Natasha
  3083 | D:2      | Killed Natasha
  3221 | D:2      | Noticed Natasha
  3224 | D:2      | Killed Natasha
  3225 | D:2      | Reached XP level 5. HP: 28/28 MP: 9/13
  3387 | D:3      | Found a shimmering altar of Xom.
  3403 | D:3      | Slain by a gnoll

Illustrated notes

Levels and vault maps discovered:
D:1:      sevenhm_arrival_forest_fort_small_3, layout_loops_ring,
          dreamdust_ecumenical_altar_hidden_monk_grotto
D:2:      layout_loops_corners, uniq_crazy_yiuf_cottage, uniq_natasha
D:3:      layout_basic, led_xom_imps, minmay_distorted, uniq_grinder,
          uniq_sigmund

Skill      XL: |  1  2  3 |
---------------+----------+-----
Fire Magic     | 4 |  4.8
Dodging        | 3 |  3.3
Stealth        | 3 |  3.3
Spellcasting   | 4 |  4.9
Conjurations   | |  1.9

Action                     |  1- 3 |  4- 6 || total
---------------------------+-------+-------++-------
  Melee: Unarmed           |     1 |       ||     1
         Staff             |       |    12 ||    12
   Cast: Foxfire           |   110 |    17 ||   127
         Scorch            |       |    13 ||    13
    Use: Scroll            |     4 |     1 ||     5
 Armour: Robe              |       |    16 ||    16
  Dodge: Dodged            |     2 |    21 ||    23

Table legend: (Time is in decaauts)
 A = Elapsed time spent in this place.
 B = Non-inter-level travel time spent in this place.
 C = Inter-level travel time spent in this place.
 D = Time resting spent in this place.
 E = Time spent auto-exploring this place.
 F = Levels seen in this place.
 G = Mean time per level.
                   A        B        C        D        E       F      G
               +--------+--------+--------+--------+--------+-----+--------+
         Total |   3404 |   2415 |    989 |      2 |   1765 |   3 | 1134.7 |
       Dungeon |   3404 |   2415 |    989 |      2 |   1765 |   3 | 1134.7 |
               +--------+--------+--------+--------+--------+-----+--------+

Top non-repeatable levels by time:
     D:2: 1923 daAuts
     D:1: 1314 daAuts
     D:3: 167 daAuts
